cohdb
Replays
Latest Replays
All Replays
Popular Replays
Top Player Replays
Match Explorer
How It Works
Community
CoH3 Stats
Reddit
Sign in to upload your games and track your stats! →
Sign in with Steam
Match 41342009
Unlisted
Match 41342009
Overview
Messages
Build Orders
End
Kradschützen Motorcycle Team
Panzerpioneer Squad
Panzergrenadier Squad
Construct Light Support Kompanie
MG34 Team
Selects Italian Infantry
MG34 Team
Selects Guastatori Squad
Guastatori Squad
Panzerjäger Mechanized Group
Fire Support Elements
Construct Panzerarmee Kommand
Armored Reserves
Panzer IV Assault Group
Spaghetti
我是只会框A的废物
0
0
Comments
sign in to comment!
No comments posted yet!